[Event "German Bundesliga 2022-23"]
[Site "Germany"]
[Date "2022.11.27"]
[Round "4.6"]
[White "Deuer, Marius"]
[Black "Babula, Vlastimil"]
[Result "1/2-1/2"]
[ECO "E46"]
[WhiteElo "2338"]
[BlackElo "2551"]
[Annotator "TA"]
[PlyCount "50"]
[EventDate "2022.10.21"]
[EventType "team-tourn"]
[EventCountry "GER"]
[SourceTitle "playchess.com"]
[Source "ChessBase"]
[SourceQuality "1"]
[TimeControl "40/6000+30:3000+30"]

1. d4 Nf6 2. c4 e6 3. Nc3 Bb4 4. e3 O-O 5. Nge2 d5 6. a3 Be7 7. cxd5 exd5 8. Nf4 Re8 9. Bd3 c6 10. O-O Nbd7 11. Bd2 {[%emt 0:05:06] E46: Nimzo-Indian: Rubinstein: 4 e3 0-0 5 Ne2 without early Bd3.} Nf8 12. Rc1 {[%emt 0:08:42] [#]} Ne6 $146 ({Predecessor:} 12... Ng6 13. Nxg6 hxg6 14. Qc2 Bd6 15. Ne2 Ne4 16. Be1 Qe7 17. Ng3 Nxg3 18. hxg3 Qf6 {½-½ (32) Pitirotjirathon,J (2216)-Portugalera,R (2220) Bangkok 2015}) 13. Nxe6 Bxe6 14. f3 Bd6 15. Ne2 Qc7 16. h3 Rad8 17. b4 Bc8 18. Qe1 Nh5 19. Qh4 g6 20. Qf2 Ng3 21. Nxg3 {[%emt 0:00:58] The position is equal.} Bxg3 22. Qe2 Qe7 23. f4 Bh4 24. a4 Bf6 25. Qd1 a6 {A balanced but interesting game.   Weighted Error Value: White=0.10 (very precise) /Black=0.12 (very precise)} 1/2-1/2

[Event "German Bundesliga 2022-23"]
[Site "Germany"]
[Date "2022.11.27"]
[Round "4.7"]
[White "Pruijssers, Roeland"]
[Black "Vyval, Volodymyr"]
[Result "1-0"]
[ECO "B23"]
[WhiteElo "2547"]
[BlackElo "2305"]
[Annotator "TA"]
[PlyCount "101"]
[EventDate "2022.10.21"]
[EventType "team-tourn"]
[EventCountry "GER"]
[SourceTitle "playchess.com"]
[Source "ChessBase"]
[SourceQuality "1"]
[TimeControl "40/6000+30:3000+30"]

1. e4 c5 2. Nc3 d6 3. f4 Nc6 4. Nf3 g6 5. Bc4 Bg7 6. O-O Na5 7. Bb5+ {[%emt 0:12:02] B23: Closed Sicilian: Lines without g3.} Bd7 8. Qe2 a6 9. Bxd7+ {[%emt 0:00:19] White has an edge.} Qxd7 10. d3 Nc6 {[%emt 0:01:03] [#]} 11. f5 $146 ({Predecessor:} 11. Nd5 Qd8 12. f5 Nf6 13. Bg5 O-O 14. Bxf6 Bxf6 15. Nxf6+ exf6 16. Qe3 Kg7 17. h4 {1-0 (42) Grabarczyk,B (2365)-Yagupov,I (2425) Polanica Zdroj 1993}) 11... Nf6 12. Bg5 O-O (12... O-O-O $11) 13. Qf2 Rac8 (13... gxf5 $11 14. Bxf6 Bxf6) 14. Rae1 $16 b5 15. Bxf6 (15. Qh4 {with more complications.} Nd4 16. Rf2 Rfe8 17. Qh3) 15... Bxf6 16. Nd5 {[%emt 0:00:07] Prevents e6.} Qd8 {[%emt 0:03:12] Prevents Nb6.} 17. Nxf6+ exf6 18. Qh4 Kg7 {[%emt 0:00:54] Prevents Qh6+.} 19. Rf2 Ne5 20. Nd2 Qe7 (20... Qa5 $11) 21. Nf1 $14 Qa7 22. Rd1 g5 23. Qh5 h6 24. Ne3 Rfe8 25. Kh1 Rh8 26. Nd5 Rhe8 27. Re2 Nc6 28. c3 Rh8 29. Red2 {[%emt 0:05:12] White has more active pieces.} Rce8 30. h3 (30. Qg4 $16) 30... Ne7 31. Ne3 Nc6 32. Qf3 h5 33. h4 {[%emt 0:01:34] Black must now prevent hxg5.} Ne5 34. Qg3 g4 {[%emt 0:02:04] White now steadily converts the win.} (34... Ng4 $1 $14) 35. Nd5 $36 {[%emt 0:01:26][%mdl 2048] White has strong initiative.} Qb8 36. Qf4 {[%emt 0:00:36][%cal Od5f6] Nxf6! is the strong threat.} Qd8 {[%emt 0:00:32] [#]} (36... Rhg8 $16 {was worth a try.}) 37. b3 $1 $18 Kh7 $2 (37... c4) 38. d4 cxd4 39. cxd4 Nc6 (39... Nd7 40. Qxd6 Kg7) 40. Rc2 Nb8 41. Rdc1 Kg7 42. Rc7 Rhg8 43. b4 a5 44. a3 axb4 45. axb4 Na6 46. R7c6 Nxb4 47. Nxb4 Qe7 48. Re1 {[%emt 0:00:00][%cal Ob4d5] Threatens to win with Nd5!} Rd8 49. Nd5 {[%emt 0:00:00] White mates.} Qa7 {[%emt 0:00:36] [#]} 50. Nxf6 $1 Kxf6 (50... Rh8 51. Qg5+) 51. Qe5# {Weighted Error Value: White=0.11 (very precise) /Black=0.37} 1-0

[Event "German Bundesliga 2022-23"]
[Site "Germany"]
[Date "2022.11.27"]
[Round "4.8"]
[White "Saric, Ante"]
[Black "Wachinger, Nikolas"]
[Result "1/2-1/2"]
[ECO "E06"]
[WhiteElo "2504"]
[BlackElo "2434"]
[Annotator "TA"]
[PlyCount "50"]
[EventDate "2022.10.21"]
[EventType "team-tourn"]
[EventCountry "GER"]
[SourceTitle "playchess.com"]
[Source "ChessBase"]
[SourceQuality "1"]
[TimeControl "40/6000+30:3000+30"]

1. d4 Nf6 2. c4 e6 3. Nf3 d5 4. g3 Be7 5. Bg2 O-O 6. O-O dxc4 7. Qa4 a6 8. Qxc4 b5 9. Qc2 Bb7 10. Bf4 Nc6 11. Nc3 Nxd4 {[%emt 0:18:38] E05: Open Catalan: 5 Nf3 Be7.} (11... Nb4 $11 12. Qd2 c5) 12. Nxd4 $16 Bxg2 {[%emt 0:00:15][%cal Bb7g2,Bg2h3,Bh3e6][%mdl 32] [#]} 13. Rfd1 {[%emt 0:05:16] [#]} Bh3 $146 {[%emt 0:15:14] [#] White is better.} ({Predecessor:} 13... Bb7 14. Nxe6 Qc8 15. Nxf8 Qh3 {½-½ (15) Roos,T (2142)-Leuranguer,Y (2251) Germany 2018}) 14. Nxe6 $1 {[%emt 0:05:41][%mdl 576] Discovered Attack. White is more active.} Bxe6 15. Rxd8 Rfxd8 16. Ne4 {[%emt 0:26:40] Inhibits c5.} ({Worse is} 16. Bxc7 Rdc8 17. Be5 b4 $17) (16. Bg5 $16) 16... Nxe4 $1 $14 17. Qxe4 c5 18. Bc7 Rd5 19. Qc2 Rc8 20. e4 Rd7 21. Ba5 Rd4 22. Bc3 Rdd8 23. Ba5 {[%emt 0:03:25] Prevents b4.} Rd4 24. Bc3 {[%emt 0:02:48] Prevents c4.} Rdd8 25. Ba5 Rd4 {Weighted Error Value: White=0.30/Black=0.13 (very precise)} 1/2-1/2

[Event "German Bundesliga 2022-23"]
[Site "Germany"]
[Date "2022.11.27"]
[Round "4.8"]
[White "Dgebuadze, Alexandre"]
[Black "Kozak, Adam"]
[Result "0-1"]
[ECO "A36"]
[WhiteElo "2420"]
[BlackElo "2538"]
[Annotator "TA"]
[PlyCount "140"]
[EventDate "2022.10.21"]
[EventType "team-tourn"]
[EventCountry "GER"]
[SourceTitle "playchess.com"]
[Source "ChessBase"]
[SourceQuality "1"]
[TimeControl "40/6000+30:3000+30"]

1. c4 c5 2. Nc3 Nc6 3. g3 g6 4. Bg2 Bg7 5. d3 Rb8 6. Nh3 {[%emt 0:06:14] [#] A36: Symmetrical English vs ...g6: 4 Bg2 Bg7.} d6 $146 ({Predecessor:} 6... a6 7. a4 d6 8. Nf4 e6 9. h4 h6 10. e3 Nge7 11. h5 g5 12. Nfe2 d5 13. cxd5 exd5 {0-1 (24) Luce,S (2400)-Ionescu,C (2280) Calimanesti 1992}) 7. Nf4 e6 8. h4 {[%emt 0:02:20] The position is equal.} h6 9. Bd2 Nge7 10. a3 b6 11. b4 Bb7 12. Rb1 Qd7 13. Qa4 O-O 14. O-O Ba8 15. e4 Rbd8 16. Qd1 Nd4 17. Nfe2 f5 18. Nxd4 cxd4 19. Ne2 fxe4 20. dxe4 e5 {[%emt 0:00:32] Against Nf4} 21. Qb3 Qe6 22. Qd3 Kh8 23. Rbc1 Bb7 24. Kh2 Ng8 25. Bh3 Qe7 {[%emt 0:01:23] Black is more active.} 26. Rc2 Rf7 27. f3 Rdf8 28. Nc1 Rf6 {[%emt 0:10:07][%cal Ob6b5] Prevents c5.} 29. Be1 (29. a4 $11) 29... Qf7 $17 30. Rcf2 Ba6 31. b5 Bb7 (31... Bc8 $17) 32. Nb3 a5 (32... g5 {seems wilder.} 33. f4 gxf4 34. gxf4 Qh5) 33. a4 (33. f4 $11 {remains equal.}) 33... Qe7 34. Nd2 R6f7 35. f4 Nf6 36. f5 gxf5 37. Bxf5 Nd7 38. Nb3 Nf6 39. Nd2 h5 40. Nf3 $2 {[%emt 0:00:40][%mdl 8192] [#]} (40. Qe2 $15) 40... Ng4+ $1 $19 41. Bxg4 hxg4 42. Nd2 Rxf2+ 43. Rxf2 Rxf2+ 44. Bxf2 Qf6 45. Kg1 Qg6 46. Kf1 Kg8 47. Ke2 Kf8 48. Kd1 (48. Be3 $142) 48... Ke7 49. Qe2 Bh6 50. Kc2 Ke6 51. Kb2 Bxd2 52. Qxd2 Bxe4 {[%emt 0:00:00][%mdl 4096] Endgame KQB-KQB} 53. Qe1 Qf5 54. Qd2 Kd7 55. Be1 Bd3 56. c5 $2 (56. Bf2) 56... dxc5 57. Qh6 Qg6 58. Qh8 Ke6 (58... Bb1 $142 {( -> ...Qc2+)} 59. Ka1 Bc2 60. Qxe5 Qe6 61. Qg7+ Kd6) 59. h5 {[%emt 0:01:34] aiming for Qc8+.} Qf7 {[%emt 0:02:48] White must now prevent ...c4.} 60. Qc8+ {[%emt 0:01:41] [#]} Kf6 $1 {[%emt 0:01:34] Threatens to win with ...c4.} 61. h6 $2 (61. Bd2 $17) 61... c4 62. Qxg4 c3+ 63. Kc1 Qg6 64. Qf3+ Bf5 65. Qc6+ Kg5 66. g4 Bxg4 $2 (66... Be4 67. Qxg6+ Kxg6) 67. Bh4+ $2 (67. h7 Qxh7 68. Bxc3) 67... Kh5 (67... Kxh4 {leads to mate.} 68. Qxg6 Bh5 69. Qe4+ Kg3 70. h7 d3 71. Qxd3+ (71. h8=R d2+ 72. Kc2 d1=Q+ 73. Kxc3 Qa1+ 74. Kd3 Qd1+ 75. Kc3 Qa1+ 76. Kc4 Qxa4+ 77. Kd5 Bf3 $11) 71... Kf2 72. h8=Q) 68. Qxg6+ Kxg6 69. Bg3 d3 (69... Kxh6 70. Bxe5 Be6 71. Bxd4 $11) 70. Be1 d2+ {[%emt 0:00:04] Weighted Error Value: White=0.33/Black=0.23 (precise)} ({Worse is} 70... Kxh6 71. Bxc3 e4 72. Kd2 $15) 0-1

[Event "German Bundesliga 2022-23"]
[Site "Germany"]
[Date "2022.11.27"]
[Round "4.9"]
[White "Ivic, Velimir"]
[Black "Vitiugov, Nikita"]
[Result "1/2-1/2"]
[ECO "C88"]
[WhiteElo "2560"]
[BlackElo "2726"]
[Annotator "TA"]
[PlyCount "70"]
[EventDate "2022.10.21"]
[EventType "team-tourn"]
[EventCountry "GER"]
[SourceTitle "playchess.com"]
[Source "ChessBase"]
[SourceQuality "1"]
[TimeControl "40/6000+30:3000+30"]

1. e4 e5 2. Nf3 Nc6 3. Bb5 a6 4. Ba4 Nf6 5. O-O Be7 6. Re1 b5 7. Bb3 O-O 8. a4 b4 9. d4 d6 10. dxe5 Nxe5 11. Nbd2 {[%emt 0:00:23] C88: Closed Ruy Lopez: Anti-Marshall Systems.} Nfd7 {[%emt 0:01:38] [#]} 12. a5 $5 $146 {[%emt 0:00:28][%mdl 8] New and interesting.} ({Predecessor:} 12. Nxe5 Nxe5 13. Nf1 Bf6 14. Ne3 c6 15. a5 Be6 16. f4 Ng6 17. Nc4 Bxc4 18. Bxc4 Re8 {½-½ (52) Vachier Lagrave,M (2758)-Esipenko,A (2723) Chess.com INT 2022}) 12... Bf6 13. Nd4 Bb7 14. Ra4 Nc6 15. Nxc6 Bxc6 16. Rxb4 Bb5 17. Ba2 c5 18. Rb3 c4 19. Rh3 Rc8 20. b4 {[%emt 0:16:00] Strongly threatening Qh5.} (20. Qh5 $5 h6 $8 21. Nf1 $14) 20... cxb3 21. Nxb3 (21. Bxb3 $5 Qxa5 22. Nb1 $11 (22. Qh5 h6 $11)) 21... g6 {[%emt 0:03:30][%cal Bg7g6,Bg6f5][%mdl 32] Inhibits Qh5.} 22. Nd4 Bc4 23. Bxc4 Rxc4 24. Nf5 gxf5 $17 25. Qh5 {[%emt 0:00:29][%csl Gh3][%cal Rh5h7] [#]} Re8 26. Qxh7+ Kf8 27. Bh6+ (27. Qxf5 $2 {perishes.} Re5 28. Bh6+ Ke7 $19) 27... Ke7 28. Qxf5 Rc5 (28... Rxc2 $2 29. e5 Qc8 30. exf6+ Kd8 31. Rxe8+ Kxe8 32. Re3+ Kd8 33. h3 $18) 29. e5 Rxe5 (29... Qxa5 $2 30. exf6+ Kd8 31. Rxe8+ Kxe8 32. Re3+ Re5 33. g3 Qa1+ 34. Kg2 Rxe3 35. Bxe3 Qxf6 36. Qxf6 Nxf6 37. Bd2 $18) 30. Rxe5+ Nxe5 31. f4 {[%emt 0:02:34] [#]} Qc8 ({Much worse is} 31... Qd7 $6 32. Qe4 $14) (31... Nc4 $1 $17 {Hoping for ...Bd4+.} 32. Bg5 (32. Qe4+ $2 Kd7 $19) 32... Bxg5 33. Qxg5+ Kd7 34. Qf5+ Kc6 35. Qxf7 Re1+ 36. Kf2 Re4) 32. Qe4 $11 {[%emt 0:04:57][%mdl 64] Pin. The position is equal.} Qc6 33. Re3 Qxe4 34. Rxe4 {[%emt 0:00:04][%mdl 64] Pin} Rc8 35. fxe5 Bxe5 {[%emt 0:00:38] Weighted Error Value: White=0.13 (very precise) /Black=0.08 (flawless)} 1/2-1/2

[Event "German Bundesliga 2022-23"]
[Site "Germany"]
[Date "2022.11.27"]
[Round "4.10"]
[White "Keymer, Vincent"]
[Black "Brkic, Ante"]
[Result "1/2-1/2"]
[ECO "A06"]
[WhiteElo "2698"]
[BlackElo "2610"]
[Annotator "TA"]
[PlyCount "101"]
[EventDate "2022.10.21"]
[EventType "team-tourn"]
[EventCountry "GER"]
[SourceTitle "playchess.com"]
[Source "ChessBase"]
[SourceQuality "1"]
[TimeControl "40/6000+30:3000+30"]

1. Nf3 d5 2. g3 g6 3. Bg2 Bg7 4. d4 Nf6 5. O-O O-O 6. c3 c6 7. Nbd2 Na6 {[%emt 0:10:23] D02: 1 d4 d5 2 Nf3 sidelines, including 2...Nf6 3 g3 and 2...Nf6 3 Bf4.} 8. b4 {[%emt 0:23:50] [#]} Nc7 $146 ({Predecessor:} 8... Bf5 9. a4 Ne4 10. Nxe4 Bxe4 11. Be3 f6 12. Bh3 Bxf3 13. exf3 Nc7 14. Qd3 e5 15. b5 {½-½ (55) Geist,W-Wessel,R freechess.de 2019}) 9. Bb2 Bf5 10. c4 Ne4 11. Rc1 a5 12. bxa5 Rxa5 13. a3 Qa8 14. Nb3 Ra6 15. cxd5 {[%emt 0:01:17] Hoping for Ne5.} Nxd5 16. Nh4 (16. Nfd2 $14 Ndf6 17. Nxe4 Bxe4 18. f3) 16... Rb6 $1 $11 17. g4 (17. Ba1 $11) 17... Qa4 ({Reject} 17... Bxg4 18. Bxe4 Nf4 19. Nf3 $11) (17... Nxf2 $5 18. Rxf2 Bxg4 $14) 18. gxf5 Qxb3 (18... Rxb3 $2 19. Bxe4 Qb5 20. Rc5 $18) 19. Ba1 (19. Qxb3 $11 {keeps the balance.} Rxb3 20. Bxe4 Rxb2 21. fxg6) 19... Ndf6 (19... Nd6 $17 {White should prevent ...Bf6.} 20. Rb1 Qxd1 21. Rfxd1 Rxb1 22. Rxb1 gxf5 23. Bxd5 cxd5) 20. Rb1 (20. fxg6 {simplifies} hxg6 21. Qxb3 Rxb3 22. Rb1) 20... Qxb1 (20... Qxd1 {simplifies} 21. Rfxd1 Rxb1 22. Rxb1 Nd6) 21. Qxb1 Rxb1 22. Rxb1 Nd6 23. fxg6 hxg6 24. Nf3 Ra8 25. Rb3 Nc4 26. Rxb7 Rxa3 27. Rb8+ Bf8 28. Rb1 Nd5 29. Bf1 Ra2 30. Rc1 Na5 {[%emt 0:02:11] [#] Threatens to win with ...Nb3. Pair of Knights!} (30... Na3 $5 31. e4 Nf6 $11) 31. Rb1 {[%emt 0:01:49] Inhibits Nb3.} Nc4 32. Rd1 Na3 33. Ne1 Nc2 (33... Bg7 $1 $15 {is superior.}) 34. Nxc2 Rxc2 35. e3 e6 36. Bd3 Ra2 37. Bc4 Ra4 38. Bb3 Ra3 39. Bc4 Ra4 40. Bf1 Bg7 41. e4 Nf4 42. Bb2 Ra2 43. Rb1 g5 44. e5 $1 {[%emt 0:01:17] Against c5. The position is equal.} Bf8 45. Bc1 c5 46. Bxf4 gxf4 47. Rd1 ({Much weaker is} 47. Bc4 Ra4 48. Be2 Rxd4 $17) 47... cxd4 48. Rxd4 Rxf2 49. Kxf2 Bc5 50. Kf3 Bxd4 51. Kxf4 {[%emt 0:00:04] Weighted Error Value: White=0.09 (flawless) /Black=0.11 (very precise)} 1/2-1/2

[Event "German Bundesliga 2022-23"]
[Site "Germany"]
[Date "2022.11.27"]
[Round "4.11"]
[White "Markus, Robert"]
[Black "Adams, Michael"]
[Result "1/2-1/2"]
[ECO "E10"]
[WhiteElo "2608"]
[BlackElo "2686"]
[Annotator "TA"]
[PlyCount "42"]
[EventDate "2022.10.21"]
[EventType "team-tourn"]
[EventCountry "GER"]
[SourceTitle "playchess.com"]
[Source "ChessBase"]
[SourceQuality "1"]
[TimeControl "40/6000+30:3000+30"]

1. d4 Nf6 2. c4 e6 3. Nf3 d5 4. e3 Bd6 5. b3 O-O 6. Bb2 b6 7. Bd3 Bb7 8. O-O Nbd7 9. Nbd2 {[%emt 0:07:13] The position is equal.} c5 {[%emt 0:09:44] E14: Queen's Indian: Classical Variation (4 e3).} 10. cxd5 {[%emt 0:04:15] 10.Qe2 is not played anymore.} Nxd5 11. Ne4 Be7 12. dxc5 Nxc5 13. Nxc5 Bxc5 14. Qe2 Qe7 15. Ba6 {[%emt 0:07:09] [#]} Rac8 $146 ({Predecessor:} 15... Bxa6 16. Qxa6 Nb4 17. Qc4 Rfd8 18. Qg4 f6 19. Nd4 Bxd4 20. Bxd4 e5 21. Bc3 Nd3 {0-1 (51) Von Rosenberg,C-Wittal,W DESC email 2009}) 16. a3 Bd6 17. Bxb7 Qxb7 18. Rac1 Be7 19. Nd4 Rxc1 20. Rxc1 Rc8 21. Rxc8+ Qxc8 {[%emt 0:00:06] An interesting draw.   Weighted Error Value: White=0.03 (flawless) /Black=0.02 (flawless)} 1/2-1/2

[Event "German Bundesliga 2022-23"]
[Site "Germany"]
[Date "2022.11.27"]
[Round "4.11"]
[White "Georgiadis, Nico"]
[Black "Korobov, Anton"]
[Result "0-1"]
[ECO "C13"]
[WhiteElo "2577"]
[BlackElo "2659"]
[Annotator "TA"]
[PlyCount "66"]
[EventDate "2022.10.21"]
[EventType "team-tourn"]
[EventCountry "GER"]
[SourceTitle "playchess.com"]
[Source "ChessBase"]
[SourceQuality "1"]
[TimeControl "40/6000+30:3000+30"]

1. e4 e6 2. d4 d5 3. Nc3 Nf6 4. Bg5 dxe4 5. Nxe4 Be7 6. Bxf6 gxf6 7. Qd2 f5 {[%emt 0:00:32] C13: French: Classical System: 4 Bg5 Be7, Alekhine-Chatard Attack.} 8. Nc3 c6 9. Nf3 Nd7 {[%emt 0:01:47] The position is equal.} 10. g3 Qc7 11. Bg2 b6 12. O-O-O Bb7 {[%emt 0:00:16] [#]} 13. Kb1 $146 ({Predecessor:} 13. Ne5 Nxe5 14. dxe5 Bb4 15. a3 Bxc3 16. Qxc3 Rd8 17. Rd6 O-O 18. Rhd1 Qe7 19. Qd2 Rxd6 20. exd6 {1-0 (27) Kusiak,M (2355)-Pcola,P (2392) Slovakia 2016}) 13... O-O-O 14. Ng5 Rdf8 15. f4 b5 16. Ne2 (16. Qe2 $5 ) 16... h6 17. Nf3 c5 18. dxc5 Nxc5 19. Ned4 a6 20. Ne5 Ne4 21. Qe2 {[%emt 0:01:20] Threatens to win with c4.} Bf6 22. c4 (22. Rd3 $11) 22... Bxe5 $17 23. fxe5 bxc4 24. g4 Kb8 (24... Qb6 $1 $17 {And now ...Nc3+ would win.} 25. Ka1 (25. Qxc4+ Kb8 $17) 25... Rd8 26. Bxe4 (26. Qxc4+ Kb8 $17) 26... fxe4 27. Qxc4+ Kb8) 25. gxf5 $11 exf5 26. Nxf5 Qxe5 {[%emt 0:00:58] ...Nc3+ is the strong threat.} 27. Rhe1 Rd8 {[%emt 0:08:26] White must now prevent ...Rxd1+.} 28. Ne3 (28. Bxe4 $2 Bxe4+ 29. Kc1 Rxd1+ 30. Qxd1 Qxf5 $19) (28. Rxd8+ $2 Rxd8 29. Bxe4 Bxe4+ 30. Qxe4 Rd1+ $3 31. Kc2 Rxe1 $19) (28. Ng3 $1 $11 Rxd1+ 29. Rxd1 Nc3+ 30. bxc3 Qxe2 31. Nxe2 Bxg2 32. Rd6) 28... c3 $17 {[%emt 0:06:31] Black is much more active.} 29. Nc4 {[%emt 0:00:42][%csl LRe4,LRe5] Inhibits Nd2+.} Rxd1+ 30. Qxd1 {[%emt 0:02:11] [#]} (30. Rxd1 $17 Qxh2 31. Rd7) 30... Qf4 $1 $19 (30... Qf5 31. Bxe4 Bxe4+ 32. Ka1 cxb2+ 33. Kxb2 Qf6+ 34. Ka3 Qc3+ 35. Qb3+ Qxb3+ 36. axb3 $11) 31. Rf1 $2 (31. Qb3 $2 Qf2 32. Rc1 Qxg2 $19) (31. Ka1 {was worth a try.} cxb2+ 32. Nxb2) 31... Qc7 {[%emt 0:01:03] Black is clearly winning.} (31... Qxh2 $2 {is the wrong capture.} 32. Qd4 Re8 33. Bxe4 (33. Qd7 $2 Rg8 $19) 33... Bxe4+ 34. Ka1 cxb2+ 35. Qxb2+ Qxb2+ 36. Kxb2 $19) (31... Nd2+ 32. Nxd2 Qb4 33. Qb3 Qxb3 34. Nxb3 $11) 32. b3 Rd8 ({Weaker is} 32... Qxh2 33. Qd4 Re8 34. Qd7 $11) 33. Qc2 (33. Qe2 $142 Nd2+ 34. Nxd2 Rxd2 35. Qe8+ Rd8 36. Qe2 Qxh2 37. Bf3 (37. Qe7 $2 c2+ 38. Kb2 c1=Q+ 39. Rxc1 Qxg2+ $19) 37... Qxe2 38. Bxe2 Be4+ 39. Ka1) 33... Nd2+ {[%emt 0:00:31] Weighted Error Value: White=0.55/Black=0.07 (flawless)} 0-1

[Event "German Bundesliga 2022-23"]
[Site "Germany"]
[Date "2022.11.27"]
[Round "4.12"]
[White "Kasimdzhanov, Rustam"]
[Black "Stevic, Hrvoje"]
[Result "1-0"]
[ECO "D20"]
[WhiteElo "2676"]
[BlackElo "2543"]
[Annotator "TA"]
[PlyCount "91"]
[EventDate "2022.10.21"]
[EventType "team-tourn"]
[EventCountry "GER"]
[SourceTitle "playchess.com"]
[Source "ChessBase"]
[SourceQuality "1"]
[TimeControl "40/6000+30:3000+30"]

1. d4 d5 2. c4 dxc4 3. e4 e5 4. Nf3 Bb4+ 5. Nc3 Nf6 (5... exd4 {simplifies} 6. Qxd4 Qxd4 7. Nxd4 Nf6) 6. Nxe5 {[%emt 0:00:25] D20: Queen's Gambit Accepted: 3 e3 and 3 e4.} b5 {[%emt 0:00:09] Inhibits Qa4.} 7. Bg5 $5 {[%emt 0:00:05][%mdl 4] [#] Exploring less charted territory.} c5 $146 ({Predecessor:} 7... O-O 8. Be2 c5 9. O-O cxd4 10. Nd5 Be7 11. Nxe7+ Qxe7 12. Qxd4 Rd8 13. Qc3 Re8 {½-½ (49) Ding,L (2801)-Yu,Y (2738) Ningbo 2019}) 8. dxc5 {[%emt 0:04:56] White has an edge.} Qe7 9. Nf3 Nbd7 10. Be2 $1 Bb7 {[%emt 0:01:09] Inhibits c6.} 11. O-O Bxc3 12. bxc3 O-O 13. a4 a6 14. axb5 axb5 15. Rb1 Qxc5 16. Be3 Qc7 17. Rxb5 Bxe4 18. Qd2 Ra4 19. Rd1 Rfa8 20. Bf4 {[%emt 0:06:35] A strong pair of Bishops.} Qc6 21. Nd4 Qa6 22. h3 Re8 23. Bf1 Ra2 24. Rb2 Rxb2 25. Qxb2 Bd3 26. Qb5 {[%emt 0:04:23] Against Nd5} Qxb5 27. Nxb5 Bxf1 28. Kxf1 Nc5 29. Be3 Ne6 30. Nd6 Ra8 31. Ke2 (31. Bd4 {simplifies} Nd5 32. Nxc4 Nxd4 33. cxd4 Kf8 34. g3) 31... Ra3 (31... Ra2+ {simplifies} 32. Kf3 Rc2 33. Rc1 Rxc1 34. Bxc1 Nd5) 32. Rb1 {[%emt 0:02:19] And now Rb8+ would win.} Rxc3 33. Rb8+ Nf8 34. Nf5 {[%emt 0:01:47][%mdl 1024] Ne7+ would kill now. White has compensation.} N6d7 $1 35. Re8 f6 (35... Rc2+ $11 {keeps the balance.} 36. Kd1 Rb2) 36. Re7 $1 $16 {[%emt 0:01:09] White is more active.} g6 37. Nd6 (37. Nh6+ $16 Kh8 38. Ng4) 37... Rc2+ (37... Rd3 $5 38. Nxc4 Rd5 $14) 38. Kf1 {[%emt 0:00:35] Hoping for Bh6.} g5 $1 39. h4 Ra2 (39... gxh4 $2 40. Bh6 Ne5 41. Ne4 $18) 40. hxg5 ({Much weaker is} 40. Nxc4 gxh4 41. Bh6 Ra1+ 42. Ke2 Ra6 $11) 40... Ra1+ (40... c3 $16 {was necessary.}) 41. Ke2 $18 {[%emt 0:50:08] aiming for Bd4.} Ra6 $2 (41... Ra2+ 42. Kd1 Ra5) 42. Nf5 $1 {[%emt 0:00:00] Black must now prevent Nh6+.} (42. Nxc4 fxg5 43. Bxg5 Rg6 $16) 42... Re6 43. Nh6+ Kh8 {[%emt 0:00:09] [#]} 44. Rf7 {[%emt 0:00:00] Strongly threatening gxf6. White has a decisive advantage.} fxg5 {[%emt 0:35:58] [#]} 45. Kf1 $1 {[%emt 0:00:00][%cal Of7f8] Rxf8+! is the strong threat.} Rd6 {[%emt 0:03:21] [#]} (45... Rxh6 46. Bd4+) 46. Rxf8+ $1 {[%emt 0:00:00][%mdl 576] Weighted Error Value: White=0.14 (very precise) /Black=0.17 (very precise)} 1-0

[Event "German Bundesliga 2022-23"]
[Site "Germany"]
[Date "2022.11.27"]
[Round "4.13"]
[White "Jovanovic, Zoran"]
[Black "Naiditsch, Arkadij"]
[Result "1/2-1/2"]
[ECO "B40"]
[WhiteElo "2513"]
[BlackElo "2667"]
[Annotator "TA"]
[PlyCount "69"]
[EventDate "2022.10.21"]
[EventType "team-tourn"]
[EventCountry "GER"]
[SourceTitle "playchess.com"]
[Source "ChessBase"]
[SourceQuality "1"]
[TimeControl "40/6000+30:3000+30"]

1. e4 c5 2. Nf3 e6 3. g3 Nc6 4. Bg2 Nf6 5. Qe2 e5 6. Nc3 {[%emt 0:02:30] B40: Sicilian: 2...e6, Unusual lines.} d6 7. Nd5 {[%emt 0:02:17] [#]} Nxd5 $146 (7... Be6 $5 ) ({Predecessor:} 7... Be7 8. O-O Be6 9. Ne1 O-O 10. c3 Bxd5 11. exd5 Nb8 12. Nc2 Nbd7 13. d3 Re8 {0-1 (43) Murzin,V (2532)-Matlakov,M (2674) Chess.com INT 2022}) 8. exd5 Ne7 9. c3 g6 10. d4 (10. Nxe5 {keeps more tension.} dxe5 11. Qxe5 f6 12. Qxf6 Rg8 13. O-O) 10... cxd4 11. cxd4 Bg7 12. dxe5 dxe5 13. Nxe5 O-O 14. O-O Re8 $1 15. Ng4 Nxd5 16. Qf3 {[%emt 0:00:41] White wants to play Nh6+.} Be6 17. Nh6+ Kf8 $1 18. Rd1 Rc8 19. h4 {[%emt 0:13:51] Black must now prevent Bg5.} (19. Rxd5 $2 {loses.} Qxd5 20. Qxd5 Bxd5 21. Bxd5 Re1+ 22. Kg2 f5 $19) 19... Qf6 20. Qa3+ ({Better is} 20. Qd3 $11 Rxc1 21. Raxc1 Bxh6 22. Bxd5 Bxc1 23. Rxc1) 20... Qe7 $15 21. Qxe7+ Nxe7 (21... Rxe7 {feels hotter.} 22. Bg5 Rd7 23. Rac1 Rc6) 22. Bxb7 {[%emt 0:00:07] [#]} (22. Bg5 $11 {keeps the balance.}) 22... Rxc1 $1 $17 {[%emt 0:01:11][%mdl 64] Remove Defender} 23. Raxc1 Bxh6 {[%emt 0:00:07] A strong pair of Bishops.} 24. Rc7 Bxa2 25. Ra1 Be6 26. Rxa7 Bg7 27. Rc2 Nf5 {[%emt 0:00:02][%cal Of5g3] aiming for ...Nxg3!} 28. Ra8 Nd4 (28... Rxa8 {simplifies} 29. Bxa8 h5 30. Kg2 Nd4) 29. Rc7 Nb3 (29... Rxa8 $17 30. Bxa8 Nb3) 30. Rxe8+ $11 Kxe8 31. Bc8 $1 Bd5 (31... Bxb2 $2 32. Bxe6 fxe6 33. Rb7 $18 (33. Rxh7 Nc5 $11)) 32. Bb7 Be6 33. Bc8 $1 Bd5 (33... Bxb2 $2 34. Bxe6 fxe6 35. Rb7 $18 (35. Rxh7 Nc5 $11)) 34. Bb7 Be6 35. Bc8 $1 {Weighted Error Value: White=0.12 (very precise) /Black=0.09 (flawless)} 1/2-1/2